Map: Catalyst LE

Players

Farmencio

  • Race: Terran Terran
  • League: Gold
  • Spawn Location: 11:00

Infamous - Winner!

  • Race: Protoss Protoss
  • League: Gold
  • Spawn Location: 5:00

VOD

Have the link to the VOD?

Description

Time

  • Played on: April 24, 2018, 11:29 a.m.
  • Length: 16:38
Show
View Real Time Build Order
Export as new Build Order

Farmencio Terran 

Build Orders:  

Get SALT Encoding   

  12  0:01  SCV  
  13  0:13  SCV  
  14  0:22  Supply Depot  
  14  0:25  SCV  
  15  0:36  Supply Depot  
  15  0:44  SCV  
  16  0:56  Refinery  
  16  0:58  Barracks, SCV  
  17  1:07  Refinery  
  17  1:11  SCV  
  18  1:23  SCV  
  19  1:35  SCV  
  20  1:46  Marine  
  21  1:48  SCV  
  22  2:00  SCV  
  23  2:08  Factory  
  24  2:12  SCV  
  24  2:19  Barracks Reactor  
  24  2:23  Supply Depot  
  24  2:28  Orbital Command  
  24  3:05  Supply Depot  
  24  3:17  Barracks Tech Lab  
  24  3:21  Cyclone x2  
  30  3:34  Command Center  
  30  3:53  Cyclone x2  
  35  4:16  Ghost Academy  
  35  4:25  Cyclone x2  
  41  4:57  Cyclone  
  41  4:58  Cyclone  
  41  4:59  Ghost  
  49  5:21  Factory  
  49  5:26  SCV  
  50  5:30  SCV  
  50  5:32  Refinery  
  51  5:39  SCV  
  51  5:41  Ghost  
  51  5:42  SCV  
  55  5:48  Refinery  
  55  5:51  SCV  
  55  5:53  Widow Mine x2  
  60  6:03  SCV  
  61  6:08  SCV  
  62  6:59  Supply Depot  
  62  7:01  Supply Depot x2  
  62  7:02  Supply Depot x2  
  62  7:03  Supply Depot  
  62  7:04  Supply Depot  
  62  7:06  Supply Depot  
  62  7:07  Supply Depot  
  62  7:08  Supply Depot  
  62  7:11  Supply Depot  
  62  7:21  Marine, SCV x2  
  65  7:33  SCV x2  
  65  7:34  Starport  
  65  7:35  Starport  
  67  7:38  Marine  
  68  7:45  SCV  
  69  7:53  SCV  
  69  7:56  Marine  
  69  7:57  SCV  
  72  8:05  SCV  
  72  8:09  SCV  
  74  8:14  Starport  
  74  8:16  Starport Reactor x2  
  74  8:18  SCV  
  74  8:51  Starport  
  74  8:53  Factory Tech Lab  
  74  8:58  Starport Tech Lab  
  74  9:07  Viking x4  
  82  9:11  Siege Tank  
  85  9:42  Raven  
  85  9:43  Siege Tank, Starport Reactor  
  90  9:47  Factory  
  90  9:48  Viking x2  
  90  9:49  Viking x2  
  98  10:15  Siege Tank  
  98  10:18  Viking x3  
  98  10:19  Viking  
  109  10:25  Viking  
  92  10:48  Siege Tank  
  62  11:00  Factory Tech Lab  
  62  11:18  Viking x4  
  66  11:20  Siege Tank  
  66  11:21  Siege Tank  
  66  11:24  Raven  
  78  11:26  Viking  
  78  11:27  Ghost  
  81  11:52  Siege Tank  
  81  11:53  Siege Tank  
  87  11:54  Factory  
  87  12:09  Viking x2  
  91  12:24  Siege Tank  
  94  12:43  Viking x2  
  94  12:44  Viking x3  
  100  12:49  Factory Tech Lab  
  104  13:24  Siege Tank x2  
  104  13:25  Siege Tank  
  113  14:20  Viking  
  113  14:21  Viking x3  
  121  14:28  Ghost  
  123  14:40  Armory  
  123  14:43  Orbital Command  
  123  14:55  Nuke  
Show
View Real Time Build Order
Export as new Build Order

Infamous Protoss - Winner!

Build Orders:  

Get SALT Encoding   

  12  0:01  Probe  
  13  0:13  Pylon  
  13  0:18  Probe  
  14  0:32  Probe  
  14  0:33  Gateway  
  15  0:40  Probe  
  16  0:53  Probe  
  16  0:54  Assimilator  
  17  1:02  Probe  
  18  1:23  Cybernetics Core  
  18  1:24  Probe  
  18  1:28  Gateway  
  19  1:41  Zealot  
  19  1:43  Probe  
  19  1:45  Assimilator  
  22  1:47  Pylon  
  22  2:00  Probe, Warp Gate  
  23  2:10  Stalker  
  23  2:11  Stalker  
  23  2:12  Probe  
  23  2:13  Pylon  
  28  2:40  Probe  
  28  2:41  Robotics Facility  
  29  2:52  Probe  
  29  2:53  Stalker  
  30  3:05  Probe  
  33  3:08  Stalker  
  35  3:18  Twilight Council  
  35  3:33  Pylon  
  35  3:34  Probe, Sentry  
  38  3:46  Observer  
  39  3:52  Probe  
  40  4:01  Charge  
  40  4:09  Shield Battery  
  40  4:11  Shield Battery  
  40  4:21  Immortal  
  40  4:23  Zealot  
  42  4:29  Probe  
  47  4:55  Pylon  
  47  4:56  Nexus  
  47  5:08  Pylon  
  47  5:13  Probe  
  48  5:14  Forge  
  48  5:15  Forge  
  48  5:21  Stalker  
  50  5:26  Zealot  
  52  5:37  Probe  
  52  5:42  Immortal  
  57  5:49  Probe  
  58  5:54  Zealot  
  59  6:17  Probe x2  
  61  6:24  Stalker  
  63  6:25  Sentry  
  63  6:27  Protoss Ground Weapons Level 1  
  63  6:29  Probe  
  63  6:31  Immortal  
  70  6:37  Templar Archives  
  70  6:52  Probe, Zealot x2  
  74  6:56  Probe  
  74  7:00  Probe  
  76  7:06  Robotics Facility  
  77  7:10  Assimilator  
  77  7:27  Pylon, Protoss Ground Armor Level 1  
  77  7:28  Pylon  
  77  7:30  Pylon  
  77  7:37  Pylon  
  77  7:39  Probe  
  77  7:41  Immortal  
  78  7:45  Probe  
  83  7:56  Probe  
  83  7:57  Probe, Shield Battery  
  85  8:00  Immortal  
  89  8:11  Probe x2  
  91  8:17  Photon Cannon  
  91  8:20  Observer  
  92  8:27  Photon Cannon, Shield Battery, High Templar  
  94  8:39  Observer  
  95  8:44  High Templar  
  97  8:54  Probe x2  
  99  9:05  High Templar  
  101  9:12  Assimilator  
  101  9:15  Immortal  
  105  9:22  Gateway  
  105  9:24  Gateway  
  105  9:25  Archon  
  105  9:26  Gateway  
  105  9:34  High Templar  
  105  9:38  Probe x2  
  109  9:51  Archon  
  109  10:22  Nexus  
  109  10:26  Pylon  
  109  10:27  Pylon  
  109  10:28  Immortal x2  
  109  10:30  Pylon  
  109  10:32  Pylon  
  99  10:44  Stalker x2  
  92  10:53  Probe x2  
  92  10:57  Assimilator  
  92  11:02  Assimilator  
  91  11:04  Pylon  
  91  11:05  Probe  
  92  11:11  Stalker  
  92  11:12  Stalker x4  
  92  11:16  Probe  
  92  11:17  Probe  
  104  11:28  Protoss Ground Armor Level 2  
  104  11:32  Probe x2  
  106  11:37  Immortal x2  
  114  11:44  Probe, Blink  
  115  12:08  Zealot x3  
  117  12:09  Zealot x2  
  124  12:27  Immortal  
  124  12:29  Stargate  
  128  12:32  Stargate  
  128  12:33  Stargate  
  128  12:37  Zealot x3  
  134  12:52  High Templar x2  
  134  12:55  Protoss Ground Weapons Level 2  
  138  12:58  Probe  
  138  13:02  Probe x2  
  140  13:17  Zealot x3  
  146  13:26  Protoss Ground Armor Level 3  
  146  13:27  Probe x2  
  148  13:35  Photon Cannon, High Templar x2  
  148  13:38  Photon Cannon  
  148  13:40  Probe x2  
  148  13:41  Photon Cannon  
  154  13:42  Shield Battery  
  154  13:45  Shield Battery  
  154  13:49  Shield Battery  
  154  13:51  Void Ray x2  
  162  14:02  High Templar x2  
  164  14:14  Archon x2  
  164  14:15  Archon  
  164  14:18  Probe  
  165  14:35  Gateway  
  165  14:37  Gateway  
  165  14:41  Gateway  
  165  14:44  Gateway  
  165  14:54  Pylon  
  165  14:56  Pylon, Probe  
  165  15:12  Probe x2  
  167  15:24  Probe  
  168  15:36  Nexus  
  168  15:39  Pylon  
  168  15:41  Pylon, Photon Cannon  
  166  15:43  Photon Cannon  
  166  15:44  Pylon  
  166  15:46  Photon Cannon  
  166  15:48  Pylon, Photon Cannon  
  166  15:51  Shield Battery  
  148  16:04  Zealot  
  148  16:05  Zealot x2  
  148  16:06  High Templar x2  
  146  16:34  Stalker  
  146  16:35  Stalker x2  
Tags
 
League
GoldGold
Matchup
PvT
Replay Pack
Last Remnant (2)
Spawn Locations
Cross Positions
Add a new tag
Caveats
  • Supply blocks, unpowered buildings, or Contaminate may cause inaccurate times.
  • Supply counts are checked every 10 seconds.